 Dungeon Crawl Stone Soup version 0.26-a0-851-g735459dd53 (webtiles) character file.

Game seed: 3994802362860108449

5622 RaHiT the Covert (level 10, -10/71 HPs)
             Began as an Octopode Delver on Nov 21, 2020.
             Was a High Priest of Cheibriados.
             Mangled by a manticore (25 damage)
             ... on level 10 of the Dungeon.
             The game lasted 01:07:33 (11130 turns).

RaHiT the Covert (Octopode Delver)                 Turns: 11130, Time: 01:07:33

Health: -10/71     AC:  1    Str: 24    XL:     10   Next: 73%
Magic:  16/16      EV: 24    Int: 30    God:    Cheibriados [*****.]
Gold:   685        SH:  0    Dex: 28    Spells: 15/17 levels left

rFire    . . .     SeeInvis .     - Unarmed
rCold    . . .     Faith    .   (no shield)
rNeg     . . .     Spirit   .   (helmet restricted)
rPois    +         Reflect  .   (no amulet)
rElec    .         Harm     .   F - +4 ring of evasion
rCorr    .         Rampage  .   H - ring of poison resistance
MR       .....                  (no ring)
Stlth    ++++++....             (no ring)
HPRegen  0.21/turn              (no ring)
MPRegen  0.15/turn              (no ring)
                                (no ring)
                                (no ring)

@: barbed spikes, very slow
A: almost no armour, stealthy swim, amphibious, 8 rings, constrict 8, camouflage
1, agile 1, gelatinous body 1, MP-powered wands
a: Bend Time, Temporal Distortion, Slouch, Step From Time, Renounce Religion


You were on level 10 of the Dungeon.
You worshipped Cheibriados.
Cheibriados was extremely pleased with you.
You visited 2 branches of the dungeon, and saw 11 of its levels.

You collected 715 gold pieces.
You spent 30 gold pieces at shops.

Inventory:

Hand Weapons
 B - the +9 broad axe of the Hero {vorpal, +Inv, unknown}
   (You found it on level 6 of the Dungeon)

   It inflicts extra damage upon your enemies.
   It lets you turn invisible.
 D - a +0 hand crossbow
 M - a +0 war axe
Missiles
 b - 56 bolts
 i - 79 sling bullets
 j - 264 stones
 n - 7 boomerangs (quivered)
 r - 3 poisoned darts
 t - 124 arrows
 z - 7 javelins
Magical Staves
 C - an uncursed staff of earth {unknown}
Jewellery
 F - a +4 ring of evasion (left tentacle)
 H - a ring of poison resistance (right tentacle)
Wands
 c - a wand of flame (15)
 e - a wand of digging (3)
 k - a wand of acid (6)
 v - a wand of disintegration (11)
 L - a wand of polymorph (7)
Scrolls
 a - 2 scrolls of fog
 g - a scroll of immolation {unknown}
 p - 3 scrolls of enchant armour {unknown}
 q - 3 scrolls of noise {unknown}
 u - 5 scrolls of teleportation
 w - 2 scrolls of enchant weapon {unknown}
 x - 4 scrolls of remove curse
 y - 2 scrolls of magic mapping
 E - a scroll of acquirement {unknown}
 K - a scroll of brand weapon {unknown}
Potions
 d - 3 potions of might
 f - a potion of heal wounds
 h - a potion of flight
 l - 4 potions of attraction
 o - 2 potions of berserk rage
 s - 2 potions of cancellation
 A - a potion of brilliance
 G - a potion of resistance {unknown}
 I - a potion of magic {unknown}
 J - 3 potions of curing
Miscellaneous
 N - a condenser vane


   Skills:
 - Level 7.0 Fighting
 - Level 4.0 Throwing
 - Level 7.0 Dodging
 - Level 10.0 Stealth
 - Level 7.0 Unarmed Combat
 - Level 4.0 Spellcasting
 + Level 3.1 Invocations
 - Level 7.0 Evocations


You had 15 spell levels left.
You knew the following spells:

 Your Spells              Type           Power        Failure   Level
a - Animate Skeleton      Necr           #.....       6%          1
o - Apportation           Tloc           #.....       6%          1

Your spell library contained the following spells:

 Spells                   Type           Power        Failure   Level
 Corona                   Hex            #......      6%          1
 Summon Small Mammal      Summ           #...         6%          1


Dungeon Overview and Level Annotations

Branches:
Dungeon (10/15)            Temple (1/1) D:5            Lair (0/6) D:10
    Orc (0/2) D:9

Altars:
Ashenzari
Cheibriados
Dithmenos
Elyvilon
Fedhas
Gozag
Hepliaklqana
Kikubaaqudgha
Makhleb
Nemelex Xobeh
Okawaru
Qazlal
Ru
Sif Muna
Trog
Uskayaw
Vehumet
Wu Jian
Xom
Yredelemnul
Zin
The Shining One

Shops:
D:8 *   D:10 [

Annotations:
D:8 3 runed translucent doors, Notrik's ghost, novice FoFi; chispire's ghost, novice MiBe


Innate Abilities, Weirdness & Mutations

You cannot wear most types of armour.
You are very stealthy in the water. (Stealth+)
You are amphibious.
You can wear up to eight rings at the same time.
You can use your tentacles to constrict eight enemies at once.
Your skin changes colour to match your surroundings (Stealth+).
Your rubbery body absorbs attacks. (AC +1, EV +1)
You are agile. (Dex +2)
You expend magic power (3 MP) to strengthen your wands.


Message History

Aim: a manticore (moderately wounded)
You throw a boomerang.
The boomerang hits the manticore but does no damage.
The manticore is moderately wounded.
The manticore flicks its tail.
The volley of spikes hits you!
The barbed spikes become lodged in your body.
* * * LOW HITPOINT WARNING * * *
Throwing (i - inventory. (/) - cycle)
n - 7 boomerangs (quivered)
Press: ? - help, Shift-Dir - straight line, f/p - manticore
Aim: a manticore (moderately wounded)
You throw a boomerang.
The boomerang completely misses the manticore.
You bludgeon the manticore! You tentacle-slap the manticore.
The manticore is heavily wounded.
The manticore closely misses you. The manticore claws you!
* * * LOW HITPOINT WARNING * * *
The manticore closely misses you.
You feel much better. The manticore bites you!!
You die...

#.........#####...#####....
#..........................
#.........###+####.........
#.........#......#.........
#####.....#......#.........
#.....#......#.........
#.....#......#.........
#.....#'##...#.........
#######....H@..#####...#####.
#......................# #.
###......#######.#'###.# #.
#......#.....#.#...#.# #.
#......#.....#.#...#†# #.
#......'.....#.#...#.# #.
#......'.....#.#####.# #.
#......#.....#.......#####.
#......#.....#.............


You could see a manticore.

Vanquished Creatures
  The ghost of Syader the Firebug, a novice HuFE (D:4)
  A troll (D:9)
  A hornet (D:9)
  A water moccasin (D:6)
  4 sky beasts
  7 orc warriors
  A phantom (D:8)
  An ice beast (D:8)
  A necrophage (D:8)
  5 ogres
  5 centaurs
  3 big kobolds
  5 bullfrogs
  10 killer bees
  A scorpion (D:8)
  6 howler monkeys
  A centaur zombie (D:6)
  2 hounds (D:7)
  A bullfrog zombie (D:10)
  2 jellies
  9 orc priests
  3 bullfrog skeletons
  An iguana (D:8)
  9 orc wizards
  4 worker ants
  A killer bee zombie (D:9)
  A hound zombie (D:6)
  6 hound skeletons
  A worker ant zombie (D:5)
  7 gnolls
  14 adders
  A shadow imp (D:8)
  A white imp (D:9)
  3 ufetubi
  2 worms
  2 dart slugs
  6 leopard geckos
  25 orcs
  12 bats
  4 giant cockroaches
  9 goblins
  8 hobgoblins
  10 jackals
  7 quokkas
  A ball python (D:3)
  A ball python skeleton (D:6)
  4 frilled lizards
  A jackal skeleton (D:6)
  28 kobolds
  3 leopard gecko zombies (D:5)
  10 rats
253 creatures vanquished.

Vanquished Creatures (collateral kills)
  A gnoll (D:8)
1 creature vanquished.

Vanquished Creatures (others)
  7 withered plants
7 creatures vanquished.

Grand Total: 261 creatures vanquished

Notes
Turn   | Place    | Note
-------+----------+-------------------------------------------
     0 | D:5      | RaHiT the Octopode Delver began the quest for the Orb.
     0 | D:5      | Reached XP level 1. HP: 16/16 MP: 1/1
   127 | D:5      | Reached skill level 7 in Stealth
   127 | D:5      | Reached skill level 1 in Spellcasting
   127 | D:5      | Reached XP level 2. HP: 20/21 MP: 1/3
   127 | D:5      | Reached XP level 3. HP: 24/26 MP: 1/4
   265 | D:5      | Reached XP level 4. HP: 23/31 MP: 5/5
   319 | D:4      | Found a runed translucent door.
   361 | D:4      | Noticed an ogre
   382 | D:4      | Noticed an ogre
   659 | D:3      | Found an iron altar of Okawaru.
   872 | D:3      | Found a faded altar of an unknown god.
  1222 | D:1      | Reached XP level 5. HP: 36/36 MP: 6/6
  2258 | D:2      | Found a glowing golden altar of the Shining One.
  2259 | D:2      | Found an ornate altar of the Wu Jian Council.
  2269 | D:2      | Reached skill level 5 in Unarmed Combat
  2307 | D:2      | You fall into a shaft and drop 2 floors!
  2307 | D:4      | Found a glowing silver altar of Zin.
  2307 | D:4      | Found a snail-covered altar of Cheibriados.
  2314 | D:4      | Became a worshipper of Cheibriados the Contemplative
  2335 | D:4      | Found a shimmering blue altar of Sif Muna.
  2857 | D:3      | Reached XP level 6. HP: 16/42 MP: 7/7
  3112 | D:2      | Reached * piety under Cheibriados
  3123 | D:2      | Found a broken altar of Ashenzari.
  3814 | D:3      | Reached skill level 1 in Evocations
  4209 | D:4      | Reached XP level 7. HP: 46/46 MP: 8/8
  4380 | D:4      | Noticed Syader's ghost (novice HuFE)
  4794 | D:5      | Found a staircase to the Ecumenical Temple.
  4806 | Temple   | Entered the Ecumenical Temple
  5388 | D:5      | Reached skill level 1 in Throwing
  5505 | D:6      | Reached ** piety under Cheibriados
  5567 | D:6      | Reached skill level 5 in Dodging
  5636 | D:6      | Reached XP level 8. HP: 52/52 MP: 9/9
  6442 | D:6      | Got an ebony broad axe
  6727 | D:7      | Found an ancient bone altar of Kikubaaqudgha.
  6933 | D:7      | Reached skill level 5 in Fighting
  6987 | D:7      | Reached *** piety under Cheibriados
  7012 | D:7      | Reached XP level 9. HP: 62/62 MP: 10/10
  7014 | D:7      | Learned a level 1 spell: Apportation
  7016 | D:7      | Learned a level 1 spell: Animate Skeleton
  7613 | D:7      | Reached skill level 8 in Stealth
  8140 | D:8      | Found Caizos's General Store.
  8170 | D:8      | Reached skill level 9 in Stealth
  8173 | D:8      | Bought a scroll of identify for 30 gold pieces
  8217 | D:8      | Reached **** piety under Cheibriados
  8355 | D:8      | Reached skill level 10 in Stealth
  8557 | D:8      | Found a runed translucent gate.
  8558 | D:8      | Found a runed translucent gate.
  8559 | D:8      | Found a runed translucent gate.
  8560 | D:8      | Noticed Notrik's ghost (novice FoFi)
  8561 | D:8      | Noticed chispire's ghost (novice MiBe)
  8611 | D:8      | Gained mutation: Your spells are a little harder to cast,
                  | but a little more powerful. [potion of mutation]
  8611 | D:8      | Gained mutation: You are dopey. (Int -2) [potion of
                  | mutation]
  8611 | D:8      | Gained mutation: You are agile. (Dex +2) [potion of
                  | mutation]
  8611 | D:8      | Gained mutation: You are partially covered in rugged brown
                  | scales. (AC +1, +3% HP) [potion of mutation]
  8612 | D:8      | Lost mutation: Your spells are a little harder to cast, but
                  | a little more powerful. [potion of mutation]
  8612 | D:8      | Lost mutation: You are agile. (Dex +2) [potion of mutation]
  8612 | D:8      | Lost mutation: You are dopey. (Int -2) [potion of mutation]
  8612 | D:8      | Gained mutation: You expend magic power (3 MP) to
                  | strengthen your wands. [potion of mutation]
  8612 | D:8      | Lost mutation: You are partially covered in rugged brown
                  | scales. (AC +1, +3% HP) [potion of mutation]
  8612 | D:8      | Gained mutation: You are agile. (Dex +2) [potion of
                  | mutation]
  8828 | D:4      | Killed Syader's ghost
  8829 | D:4      | Reached XP level 10. HP: 55/67 MP: 13/16
  8924 | D:9      | Reached skill level 5 in Evocations
  8943 | D:9      | HP: 2/67 [orc wizard/puff of flame (10)]
  9365 | D:9      | Found a hazy altar of Hepliaklqana.
  9366 | D:9      | Found a shimmering altar of Xom.
  9367 | D:9      | Noticed a spectral ugly thing
  9455 | D:9      | Reached ***** piety under Cheibriados
  9713 | D:9      | Found a staircase to the Orcish Mines.
 10232 | D:10     | Entered Level 10 of the Dungeon
 10232 | D:10     | Found Deicex's Antique Armour Shop.
 10437 | D:10     | Reached skill level 1 in Invocations
 10719 | D:10     | Found a staircase to the Lair.
 10876 | D:10     | Noticed a catoblepas
 10979 | D:10     | Noticed a manticore
 11129 | D:10     | HP: 3/71 [manticore (10)]
 11130 | D:10     | Mangled by a manticore

Illustrated notes

Levels and vault maps discovered:
D:1:      mrwooster_arrival_statue_3, layout_basic, minmay_ruptured
D:2:      layout_rooms, ashenzari_altar_1, grunt_temple_overflow_open
D:3:      layout_basic, marbit_many_paths,
          chequers_ecumenical_altar_simple_redux, kennysheep_generic_room_15
D:4:      layout_cave_pools, minmay_overflow_temple_star_quad,
          gammafunk_ghost_grave
D:5:      layout_loops_cross, minmay_temple_entry_offerings
D:6:      layout_loops_ring, wad_floor_pattern_1, st_stairs_1
D:7:      layout_layer_cave, lemuel_round_altar
D:8:      layout_rooms, gammafunk_ghost_cemetery, serial_shops,
          nicolae_shop_statue_plus
D:9:      layout_loops_ring, regret_index_temple_of_mockery, david_orc_4
D:10:     nzn_motion_control, layout_irregular_city, lair_entry_dummy,
          serial_shops, nicolae_shop_trees,
          hangedman_abyss_or_decor_jellyfish_corner
Temple:   hc_temple_tempest_star

Skill      XL: |  1  2  3  4  5  6  7  8  9 10 |
---------------+-------------------------------+-----
Stealth        | 7 10 | 10.0
Spellcasting   | 1 4 |  4.0
Unarmed Combat | 3 4 5 6 7 |  7.0
Evocations     | 2 4 7 |  7.0
Dodging        | 3 5 6 7 |  7.0
Throwing       | 2 3 4 |  4.0
Fighting       | 5 6 7 |  7.0
Invocations    | 3 |  3.1

Action                   |  1- 3 |  4- 6 |  7- 9 | 10-12 || total
-------------------------+-------+-------+-------+-------++-------
Melee: Unarmed           |    24 |   199 |   229 |   157 ||   609
       Tentacles         |     7 |    31 |    70 |    69 ||   177
       Constrict         |     6 |    45 |    46 |    37 ||   134
       Punch             |       |     3 |    24 |    17 ||    44
Throw: Stone             |       |    18 |    53 |    52 ||   123
       Dart              |       |    11 |     9 |    10 ||    30
       Javelin           |       |       |    10 |     1 ||    11
       Boomerang         |       |       |     5 |    19 ||    24
 Cast: Apportation       |       |       |     1 |     2 ||     3
       Animate Skeleton  |       |       |     1 |       ||     1
Evoke: Wand              |       |       |     3 |     2 ||     5
  Use: Scroll            |       |     1 |    13 |     2 ||    16
       Potion            |       |     1 |     3 |     3 ||     7
 Stab: Distracted        |     1 |       |       |       ||     1
       Sleeping          |       |    31 |     9 |     2 ||    42
Armor: Skin              |     1 |    13 |     5 |     1 ||    20
Dodge: Dodged            |    11 |    99 |   199 |   107 ||   416

Table legend: (Time is in decaauts)
 A = Elapsed time spent in this place.
 B = Non-inter-level travel time spent in this place.
 C = Inter-level travel time spent in this place.
 D = Time resting spent in this place.
 E = Time spent auto-exploring this place.
 F = Levels seen in this place.
 G = Mean time per level.
                   A        B        C        D        E       F      G
               +--------+--------+--------+--------+--------+-----+--------+
         Total |  14171 |  13326 |    845 |   1936 |   4790 |  11 | 1288.3 |
       Dungeon |  13862 |  13029 |    833 |   1936 |   4494 |  10 | 1386.2 |
        Temple |    309 |    298 |     11 |      0 |    296 |   1 |  309.0 |
               +--------+--------+--------+--------+--------+-----+--------+

Top non-repeatable levels by time:
     D:3: 2075 daAuts
     D:7: 1991 daAuts
     D:9: 1758 daAuts
     D:5: 1407 daAuts
     D:8: 1355 daAuts
     D:6: 1353 daAuts
    D:10: 1291 daAuts
     D:1: 1117 daAuts
     D:4: 808 daAuts
     D:2: 703 daAuts
  Temple: 309 daAuts
